 Dungeon Crawl Stone Soup version 0.24.0-125-gc4c63601f3 (webtiles) character file.

Game seed: 10162340566392243062, levelgen mode: deterministic

1274 dragonscale333 the Fighter (level 8, -1/78 HPs)
             Began as a Hill Orc Fighter on Mar 18, 2020.
             Was a Believer of Cheibriados.
             Slain by a slime creature (14 damage)
             ... on level 5 of the Dungeon.
             The game lasted 00:08:07 (4357 turns).

dragonscale333 the Fighter (Hill Orc Fighter)       Turns: 4357, Time: 00:08:07

Health: -1/78      AC:  0    Str: 25    XL:     8   Next: 53%
Magic:  11/11      EV:  7    Int: 12    God:    Cheibriados [**....]
Gold:   308        SH: 10    Dex: 14    Spells: 7/7 levels left

rFire    + . .     SeeInvis .   a - +1 war axe
rCold    . . .     Gourm    .   c - +0 shield
rNeg     . . .     Faith    .   b - +0 scale mail
rPois    .         Spirit   .   i - +0 helmet
rElec    .         Reflect  .   v - scarf {cloud immunity}
rCorr    .         Harm     .   (no gloves)
MR       .....                  (no boots)
Stlth    ..........             (no amulet)
HPRegen  0.23/turn              q - ring of protection from fire
MPRegen  0.12/turn              (no ring)

@: corroded, very slow
A: no striking features
a: Bend Time, Renounce Religion


You were on level 5 of the Dungeon.
You worshipped Cheibriados.
Cheibriados was pleased with you.
You were hungry.

You visited 1 branch of the dungeon, and saw 5 of its levels.

You collected 308 gold pieces.

Inventory:

Hand Weapons
 a - a +1 war axe (weapon)
Armour
 b - a +0 scale mail (worn)
 c - a +0 shield (worn)
 i - a +0 helmet (worn)
 v - a scarf of cloud immunity (worn)
Jewellery
 o - an uncursed ring of magical power
 q - a ring of protection from fire (left hand)
 r - an uncursed amulet of the acrobat
Scrolls
 l - 5 scrolls of remove curse
 p - 6 scrolls of teleportation
 t - a scroll of fog
 w - 2 scrolls of identify
Potions
 d - a potion of cancellation
 e - a potion of berserk rage {unknown}
 g - a potion of lignification {unknown}
 h - a potion of agility
 j - a potion of invisibility {unknown}
 k - 5 potions of curing {unknown}
 n - 2 potions of degeneration {unknown}
 s - a potion of haste {unknown}
 u - 2 potions of resistance {unknown}
 x - a potion of magic {unknown}
Comestibles
 f - 7 rations


   Skills:
 + Level 9.1 Fighting
 - Level 8.1 Axes
 - Level 3.2 Armour
 - Level 3.2 Shields
 - Level 5.2 Invocations


You had 7 spell levels left.
You didn't know any spells.
Your spell library was empty.

Dungeon Overview and Level Annotations

Branches:
Dungeon (5/15)
 Temple: D:4-7

Altars:
Cheibriados
Ru
Wu Jian

Shops:
D:4 *


Message History

You kill the ooze!
Cheibriados appreciates the change of pace.
You hit the ooze.
The ooze is heavily wounded.
The ooze barely misses you.
You hit the ooze but do no damage.
The ooze is heavily wounded.
You block the ooze's attack.
You slash the ooze!
You kill the ooze!
Cheibriados appreciates the change of pace.
Your shield and scale mail prevent you from hitting the slime creature.
The slime creature hits you!
* * * LOW HITPOINT WARNING * * *
You hit the slime creature.
The slime creature is lightly wounded.
The slime creature hits you!
* * * LOW HITPOINT WARNING * * *
The slime creature hits you!
You die...

##.# #.# #.## #..#
######## ##.##
##########.J..÷.#
###..####......##J...P÷P#
...#..##.......#J#÷J....#
...#..'.)......#J#PJJ.PP#
...#.('........#@#.J....#
...#(('......#'#†#P..PPP#
...#))##.....#.#.#....÷.#
...#(.###....#.#.#P..P..#
...##.# #######.##..÷..!#
.......# ### .........
###....### #....#


You could see a slime creature and 2 oozes.

Vanquished Creatures
  Edmund (D:5)
  A phantom (D:5)
  An ogre (D:5)
  Blork the orc (D:4)
  4 big kobolds (D:5)
  A scorpion (D:3)
  2 jellies (D:5)
  A centaur zombie (D:5)
  A hound (D:5)
  2 orc wizards
  2 orc priests (D:4)
  A centaur skeleton (D:4)
  An iguana (D:4)
  Terence (D:2)
  A worker ant (D:5)
  A killer bee zombie (D:5)
  4 gnolls (D:3)
  5 adders
  3 oozes (D:5)
  An adder zombie (D:3)
  3 dart slugs
  A leopard gecko (D:1)
  19 orcs
  5 giant cockroaches
  11 hobgoblins
  6 jackals
  5 bats
  4 frilled lizards
  9 goblins
  11 kobolds
  14 rats
123 creatures vanquished.

Vanquished Creatures (others)
  A fungus (D:5)
  6 toadstools (D:5)
7 creatures vanquished.

Grand Total: 130 creatures vanquished

Notes
Turn   | Place    | Note
-------+----------+-------------------------------------------
     0 | D:1      | dragonscale333 the Hill Orc Fighter began the quest for the
                  | Orb.
     0 | D:1      | Reached XP level 1. HP: 19/19 MP: 1/1
    31 | D:1      | Reached skill level 4 in Fighting
    34 | D:1      | Reached XP level 2. HP: 26/27 MP: 2/2
   291 | D:1      | Reached XP level 3. HP: 35/35 MP: 3/3
   294 | D:1      | Reached skill level 5 in Fighting
   610 | D:2      | Reached XP level 4. HP: 25/42 MP: 4/4
   790 | D:2      | Noticed Terence
   939 | D:2      | Killed Terence
   939 | D:2      | Reached skill level 5 in Axes
   939 | D:2      | Reached XP level 5. HP: 46/48 MP: 5/5
  1749 | D:3      | Found a snail-covered altar of Cheibriados.
  1783 | D:3      | Became a worshipper of Cheibriados the Contemplative
  1835 | D:3      | Reached skill level 6 in Fighting
  2583 | D:3      | Reached XP level 6. HP: 49/58 MP: 6/6
  2657 | D:4      | Noticed Blork the orc
  2776 | D:4      | Killed Blork the orc
  2776 | D:4      | Reached skill level 7 in Fighting
  3236 | D:4      | Found a sacrificial altar of Ru.
  3257 | D:4      | Reached skill level 8 in Fighting
  3257 | D:4      | Reached XP level 7. HP: 51/68 MP: 7/7
  3404 | D:4      | Found Wyiwiuqa's General Store.
  3535 | D:4      | Reached * piety under Cheibriados
  3705 | D:5      | Entered Level 5 of the Dungeon
  3787 | D:5      | Found an ornate altar of the Wu Jian Council.
  3800 | D:5      | Noticed Edmund
  3833 | D:5      | Killed Edmund
  4066 | D:5      | Reached XP level 8. HP: 71/74 MP: 7/10
  4192 | D:5      | Reached skill level 5 in Invocations
  4251 | D:5      | Reached ** piety under Cheibriados
  4341 | D:5      | Noticed a slime creature
  4341 | D:5      | Noticed a slime creature
  4343 | D:5      | Reached skill level 9 in Fighting
  4357 | D:5      | Slain by a slime creature

Levels and vault maps discovered:
D:1:      dpeg_arrival_simpleton_b, layout_rooms
D:2:      layout_basic, first_ration, uniq_terence
D:3:      layout_loops_cross, kennysheep_slug_shrine, minmay_cut_off
D:4:      layout_basic, serial_shops, kennysheep_mini,
          nicolae_ru_sacrificial_ziggurat, uniq_blork_the_orc
D:5:      cheibrodos_fertilizer, layout_basic, gammafunk_temple_overflow_pools,
          lemuel_doored_altar, uniq_menkaure, uniq_pikel, uniq_edmund

Skill      XL: |  1  2  3  4  5  6  7  8 |
---------------+-------------------------+-----
Fighting       | 4 5 6 8 9 |  9.1
Axes           | 4 5 8 |  8.1
Invocations    | 2 5 |  5.2
Armour         | |  3.2
Shields        | |  3.2

Action                   |  1- 3 |  4- 6 |  7- 9 || total
-------------------------+-------+-------+-------++-------
Melee: War axe           |    77 |   185 |   130 ||   392
Invok: Bend Time         |       |       |     1 ||     1
  Use: Scroll            |     3 |     3 |     3 ||     9
       Potion            |       |     1 |     1 ||     2
  Eat: Chunk             |       |     8 |     2 ||    10
Armor: Scale mail        |    42 |    81 |    55 ||   178
Dodge: Dodged            |    33 |    48 |    30 ||   111
Block: Shield            |    48 |    87 |    63 ||   198
